 Dungeon Crawl Stone Soup version 0.23.2-40-g277498a001 (webtiles) character file.

Game seed: 14683069283203038644

9961 FishyPogo the Transmogrifier (level 11, -7/89 HPs)
             Began as a Black Draconian Transmuter on Aug 15, 2019.
             Was an Elder of Qazlal.
             Mangled by a troll (8 damage)
             ... while petrified by a basilisk
             ... on level 11 of the Dungeon.
             The game lasted 00:48:10 (12956 turns).

FishyPogo the Transmogrifier (DrTm)                Turns: 12956, Time: 00:48:11

Health: -7/89      AC:  2    Str: 11    XL:     11   Next: 29%
Magic:  0/20       EV:  5    Int: 15    God:    Qazlal [****..]
Gold:   662        SH:  0    Dex: 18    Spells: 9/22 levels left

rFire    . . .     SeeInvis .     - Unarmed
rCold    + . .     Gourm    .   (shield currently unavailable)
rNeg     + + +     Faith    .   (armour unavailable)
rPois    ∞         Spirit   +   (helmet currently unavailable)
rElec    .         Reflect  .   (cloak currently unavailable)
rCorr    .         Harm     .   (gloves currently unavailable)
MR       .....                  (boots currently unavailable)
Stlth    +.........             g - amulet of guardian spirit
HPRegen  0.24/turn              i - ring of wizardry
MPRegen  0.17/turn              H - ring of protection from cold

@: spider-form, petrified, repel missiles
A: tiny, (breathe lightning), unfitting armour, weak 1, evolution 1, MP-powered
wands, AC +7
a: End Transformation, Upheaval, Elemental Force, Renounce Religion


You were on level 11 of the Dungeon.
You worshipped Qazlal.
Qazlal was greatly pleased with you.
You were not hungry.
You were a venomous arachnid creature.
You visited 1 branch of the dungeon, and saw 11 of its levels.
You also visited: Sewer.

You collected 662 gold pieces.

Inventory:

Missiles
 a - 206 arrows
 o - 194 stones (quivered)
 t - 9 tomahawks
 I - 2 poisoned javelins
Armour
 w - a +0 pair of boots (melded)
Magical Staves
 b - an uncursed staff of energy
 q - an uncursed staff of summoning
Jewellery
 g - an amulet of guardian spirit (around neck)
 i - a ring of wizardry (left front leg)
 u - an uncursed ring of protection from cold
 B - an uncursed ring of stealth
 H - a ring of protection from cold (right front leg)
Wands
 k - a wand of iceblast (26)
 r - a wand of disintegration (15)
 v - a wand of scattershot (4)
 x - a wand of flame (23)
 y - a wand of paralysis (14)
 C - a wand of acid (15)
 E - a wand of polymorph (10)
 F - a wand of clouds (4)
Scrolls
 e - 7 scrolls of teleportation
 j - 11 scrolls of identify
 l - 2 scrolls of blinking
 n - a scroll of fog
 z - a scroll of noise {unknown}
 D - 8 scrolls of remove curse
Potions
 d - 2 potions of brilliance
 f - 3 potions of might
 h - 3 potions of flight
 m - a potion of mutation
 p - 5 potions of cancellation {unknown}
 s - 4 potions of heal wounds {unknown}
 A - 5 potions of degeneration {unknown}
 G - a potion of magic {unknown}
Comestibles
 c - 25 rations
 J - 9 chunks of flesh


   Skills:
 - Level 6.0 Fighting
 + Level 6.1 Dodging
 + Level 6.8 Unarmed Combat
 + Level 6.2 Spellcasting
 * Level 9.0 Transmutations
 - Level 4.0 Ice Magic
 - Level 3.0 Poison Magic
 + Level 6.7 Invocations
 + Level 4.8 Evocations


You had 9 spell levels left.
You knew the following spells:

 Your Spells              Type           Power        Failure   Level  Hunger
d - Beastly Appendage     Tmut           ####..       1%          1    None
e - Spider Form           Tmut/Pois      ###.......   4%          3    ##.....
f - Ice Form              Ice/Tmut       ###.....     10%         4    ####...
h - Blade Hands           Tmut           ####......   10%         5    ######.

Your spell library contained the following spells:

 Spells                   Type           Power        Failure   Level  Hunger
 Sticks to Snakes         Tmut           ####....     1%          2    #......
 Magic Dart               Conj           #...         13%         1    None
 Blink                    Tloc           N/A          19%         2    #......
 Call Imp                 Summ           #.......     19%         2    #......
 Slow                     Hex            #.......     19%         2    #......
 Mephitic Cloud           Conj/Pois/Air  #.......     22%         3    ##.....
 Conjure Flame            Conj/Fire      #.......     32%         3    ##.....


Dungeon Overview and Level Annotations

Branches:
Dungeon (11/15)            Temple (0/1) D:7
   Lair: D:8-11         Orc: D:9-12

Altars:
Gozag
Kikubaaqudgha
Okawaru
Qazlal
Sif Muna
Wu Jian
Yredelemnul
Zin

Annotations:
D:4 3 runed translucent doors, PeSeC's ghost, novice MiFi
D:10 3 runed translucent doors, kmx's ghost, journeyman DEWz


Innate Abilities, Weirdness & Mutations

((You can breathe wild blasts of lightning.))
((Your glossy black scales are hard. (AC +7)))
You cannot fit into any form of body armour.
((You are resistant to electric shocks. (rElec)))
((You are cold-blooded and may be slowed by cold attacks.))
((You have large cloven feet.))
You are weak. (Str -2)
You evolve.
You expend magic power (3 MP) to strengthen your wands.


Message History

The basilisk gazes at you. You resist with some effort.
You kill the basilisk!
Qazlal accepts your kill. The troll barely misses you. The troll claws you!
* * * LOW HITPOINT WARNING * * *
The troll barely misses you. The troll barely misses you. The troll claws you!
* * * LOW HITPOINT WARNING * * *
The troll claws you!
* * * LOW HITPOINT WARNING * * *
The troll closely misses you. The troll claws you. The troll claws you!
* * * LOW HITPOINT WARNING * * *
The troll bites you!!
* * * LOW HITPOINT WARNING * * *
The troll claws you!
* * * LOW HITPOINT WARNING * * *
The troll claws you. The troll bites you!!
You die...

...#.#.#...##.......(...
#..#.?..#..##.........(<
#..#####...##..........<
##.........##..........<
###.......###...........
####....####..........#
####.####..........##
####'###..........##
#..#s#..T........## .....
#..#)T§...≈≈≈...##
......#####..###)...≈≈≈..##
....................≈≈≈.##
.......................##
......................##
##.....................##
......................##
.............l.......##


You could see a troll.

Vanquished Creatures
  A centaur warrior (D:10)
  2 two-headed ogres
  A cyclops (D:11)
  A centaur skeleton (D:11)
  A tengu conjurer (D:10)
  A troll (D:11)
  A hornet (D:8)
  A hippogriff (D:11)
  Sigmund (D:6)
  2 wyverns
  4 yaks
  2 basilisks (D:11)
  Duvessa (D:7)
  A water moccasin (D:10)
  5 orc warriors
  2 sky beasts
  A necrophage (D:10)
  An ice beast (D:9)
  3 phantoms
  5 centaurs
  7 ogres
  A crocodile (D:7)
  4 big kobolds
  5 bullfrogs
  Dowan (D:7)
  2 scorpions
  8 killer bees
  4 howler monkeys
  An electric eel (D:11)
  A crimson imp (D:5)
  A centaur zombie (D:11)
  3 bullfrog zombies
  3 jellies
  4 hounds
  6 iguanas
  5 orc priests
  A bullfrog skeleton (D:5)
  Terence (D:2)
  5 orc wizards
  9 worker ants
  3 hound zombies
  4 worker ant zombies
  3 gnolls (D:9)
  15 adders
  2 river rats (D:3)
  3 shadow imps
  10 oozes
  2 adder skeletons
  2 adder zombies
  3 worms
  8 dart slugs
  16 leopard geckos
  32 orcs
  14 ball pythons
  7 bats
  15 giant cockroaches
  8 hobgoblins
  3 jackals (D:2)
  4 quokkas
  A ball python skeleton (D:4)
  19 frilled lizards
  9 goblins
  24 kobolds
  3 quokka skeletons
  9 rats
  A plant (D:1)
329 creatures vanquished.

Vanquished Creatures (others)
  A crimson imp (D:11)
  A kobold (D:7)
  7 plants (D:10)
9 creatures vanquished.

Grand Total: 338 creatures vanquished

Notes
Turn   | Place    | Note
-------+----------+-------------------------------------------
     0 | D:1      | FishyPogo the Draconian Transmuter began the quest for the
                  | Orb.
     0 | D:1      | Reached XP level 1. HP: 16/16 MP: 3/3
   170 | D:1      | Reached XP level 2. HP: 23/23 MP: 3/5
   815 | D:2      | Reached XP level 3. HP: 24/29 MP: 4/6
   868 | D:2      | Learned a level 3 spell: Spider Form
  1289 | D:2      | Noticed Terence
  1297 | D:2      | Reached XP level 4. HP: 32/37 MP: 5/7
  1324 | D:2      | Killed Terence
  1324 | D:2      | Reached skill level 1 in Poison Magic
  1503 | D:2      | Learned a level 4 spell: Ice Form
  1703 | D:3      | Reached XP level 5. HP: 39/44 MP: 4/9
  1874 | D:3      | Found a glowing drain.
  1882 | D:3      | Reached skill level 3 in Transmutations
  1888 | Sewer    | Entered a sewer
  2329 | Sewer    | Reached XP level 6. HP: 37/51 MP: 8/10
  2654 | Sewer    | Reached skill level 1 in Ice Magic
  3129 | D:3      | Your scales start taking on a glossy black colour.
  3129 | D:3      | Reached XP level 7. HP: 8/59 MP: 1/11
  3129 | D:3      | Gained mutation: You are resistant to electric shocks.
                  | (rElec) [Black Draconian growth]
  3851 | D:4      | Found a runed translucent gate.
  3851 | D:4      | Found a runed translucent gate.
  3852 | D:4      | Found a runed translucent gate.
  3852 | D:4      | Noticed PeSeC's ghost (novice MiFi)
  3919 | D:4      | Found a stormy altar of Qazlal.
  3923 | D:4      | Became a worshipper of Qazlal Stormbringer
  3925 | D:4      | Found an ornate altar of the Wu Jian Council.
  3926 | D:4      | Found a basalt altar of Yredelemnul.
  4281 | D:5      | Entered Level 5 of the Dungeon
  4338 | D:5      | Reached skill level 4 in Transmutations
  4617 | D:5      | Reached skill level 1 in Invocations
  4847 | D:5      | Gained mutation: You have large cloven feet. [potion of
                  | mutation]
  4847 | D:5      | Gained mutation: You evolve. [potion of mutation]
  4859 | D:5      | Reached XP level 8. HP: 36/67 MP: 6/13
  5098 | D:5      | Gained mutation: You expend magic power (3 MP) to
                  | strengthen your wands. [evolution]
  5154 | D:5      | Reached skill level 5 in Fighting
  5586 | D:5      | Reached * piety under Qazlal
  5829 | D:6      | Found an opulent altar of Gozag.
  5992 | D:6      | Reached skill level 5 in Transmutations
  6556 | D:6      | Noticed Sigmund
  6579 | D:6      | Killed Sigmund
  6579 | D:6      | Reached XP level 9. HP: 61/75 MP: 7/15
  7025 | D:7      | Reached skill level 1 in Evocations
  7092 | D:7      | Found an iron altar of Okawaru.
  7104 | D:7      | Reached ** piety under Qazlal
  7331 | D:7      | Noticed Dowan
  7350 | D:7      | Killed Dowan
  7350 | D:7      | Reached skill level 5 in Unarmed Combat
  7355 | D:7      | Noticed Duvessa
  7371 | D:7      | Killed Duvessa
  7371 | D:7      | Reached skill level 6 in Transmutations
  8147 | D:7      | Found a deep blue altar of Sif Muna.
  8244 | D:7      | Found a staircase to the Ecumenical Temple.
  8584 | D:8      | Reached skill level 5 in Invocations
  8612 | D:8      | You fall through a shaft for 2 floors!
  8612 | D:10     | Entered Level 10 of the Dungeon
  8638 | D:10     | Noticed a two-headed ogre
  8650 | D:9      | Reached XP level 10. HP: 27/83 MP: 10/17
  8651 | D:9      | Reached skill level 5 in Spellcasting
  9089 | D:9      | Gained mutation: You are weak. (Str -2) [evolution]
  9120 | D:9      | Found an ancient bone altar of Kikubaaqudgha.
  9125 | D:9      | Reached skill level 7 in Transmutations
  9457 | D:9      | Noticed a two-headed ogre
  9474 | D:9      | Killed a two-headed ogre
  9474 | D:9      | Reached skill level 5 in Dodging
  9579 | D:9      | Found an iron altar of Okawaru.
  9941 | D:9      | Found a glowing silver altar of Zin.
 10979 | D:10     | Found a runed translucent gate.
 10979 | D:10     | Found a runed translucent gate.
 10979 | D:10     | Found a runed translucent gate.
 10985 | D:10     | Reached *** piety under Qazlal
 10986 | D:10     | Noticed kmx's ghost (journeyman DEWz)
 11166 | D:10     | Killed a two-headed ogre
 11166 | D:10     | Reached skill level 8 in Transmutations
 11328 | D:10     | Noticed a centaur warrior
 11340 | D:10     | Killed a centaur warrior
 11772 | D:10     | Noticed an 11-headed hydra
 11793 | D:11     | Noticed a cyclops
 11806 | D:11     | Killed a cyclops
 11806 | D:11     | Reached XP level 11. HP: 30/89 MP: 5/19
 12467 | D:11     | Learned a level 5 spell: Blade Hands
 12903 | D:11     | Reached **** piety under Qazlal
 12903 | D:11     | Reached skill level 9 in Transmutations
 12955 | D:11     | HP: 3/89 [troll (8)]
 12955 | D:11     | HP: 1/89 [troll (2)]
 12956 | D:11     | Mangled by a troll

Skill      XL: |  1  2  3  4  5  6  7  8  9 10 11 |
---------------+----------------------------------+-----
Dodging        | 2 3 4 5 6 |  6.1
Fighting       | 2 3 4 5 6 |  6.0
Poison Magic   | 1 2 3 |  3.0
Transmutations | 3 4 5 6 8 9 |  9.0
Spellcasting   | 3 4 5 6 |  6.2
Ice Magic      | 1 2 4 |  4.0
Invocations    | 1 3 5 6 |  6.7
Unarmed Combat | 4 5 6 |  6.8
Evocations     | 2 4 |  4.8

Action                   |  1- 3 |  4- 6 |  7- 9 | 10-12 || total
-------------------------+-------+-------+-------+-------++-------
Melee: Unarmed           |   219 |   318 |   554 |   307 ||  1398
       Tailslap          |    33 |    32 |    29 |    13 ||   107
       Kick              |    10 |    13 |    39 |     9 ||    71
       Headbutt          |     7 |     3 |    24 |     8 ||    42
       Punch             |     4 |     2 |     4 |     4 ||    14
       Staff             |       |       |       |     9 ||     9
Throw: Stone             |       |       |     9 |     4 ||    13
 Cast: Beastly Appendage |    17 |     8 |    22 |     4 ||    51
       Spider Form       |       |     8 |    24 |    24 ||    56
       Ice Form          |       |       |     4 |     1 ||     5
       Blade Hands       |       |       |       |     2 ||     2
 Abil: Breathe Lightning |       |       |     2 |       ||     2
  Use: Scroll            |       |     4 |     1 |     5 ||    10
       Potion            |       |     1 |     5 |     1 ||     7
 Stab: Sleeping          |       |     1 |     2 |       ||     3
  Eat: Chunk             |     2 |     7 |    22 |    15 ||    46
Armor: Skin              |    50 |    85 |    88 |    15 ||   238
Dodge: Dodged            |   114 |   325 |   420 |   307 ||  1166
Block: Other             |       |       |    15 |    43 ||    58
